 Dungeon Crawl Stone Soup version 0.23-a0-290-g290e36d (webtiles) character file.

166 RoseArtemis the Conjurer (level 5, -2/28 HPs)
             Began as a Deep Elf Conjurer on Oct 3, 2018.
             Slain by an orc wizard
             ... wielding a +0 dagger
              (3 damage)
             ... on level 3 of the Dungeon.
             The game lasted 00:10:52 (2978 turns).

RoseArtemis the Conjurer (Deep Elf Conjurer)        Turns: 2978, Time: 00:10:53

Health: -2/28      AC:  5    Str:  5    XL:     5   Next: 22%
Magic:  3/13       EV: 13    Int: 21    God:
Gold:   110        SH:  4    Dex: 15    Spells: 7/12 levels left

rFire    . . .     SeeInvis .   a - +0 dagger
rCold    . . .     Gourm    .   f - +0 buckler
rNeg     + . .     Faith    .   s - +2 robe {rN+}
rPois    .         Spirit   .   (no helmet)
rElec    .         Reflect  .   p - +0 cloak
rCorr    .         Harm     .   (no gloves)
MR       .....                  (no boots)
Stlth    ++........             (no amulet)
HPRegen  0.09/turn              (no ring)
MPRegen  0.13/turn              (no ring)

@: no status effects
A: no striking features
a: no special abilities


You were on level 3 of the Dungeon.
You were not hungry.

You visited 1 branch of the dungeon, and saw 3 of its levels.

You collected 110 gold pieces.

Inventory:

Hand Weapons
 a - a +0 dagger (weapon)
Armour
 f - a +0 buckler (worn)
 p - a +0 cloak (worn)
 s - a +2 robe of positive energy (worn)
Scrolls
 b - a scroll of magic mapping {unknown}
 e - a scroll of remove curse
 h - a scroll of enchant weapon {unknown}
 i - a scroll of amnesia {unknown}
 l - 2 scrolls of fear {unknown}
 n - 2 scrolls of blinking {unknown}
 q - 2 scrolls of teleportation {unknown}
Potions
 d - 4 potions of curing
 g - a potion of haste {unknown}
 j - 2 potions of brilliance
 o - a potion of resistance {unknown}
 r - a potion of magic {unknown}
Comestibles
 c - 7 rations
 k - 12 chunks of flesh


   Skills:
 + Level 3.8 Dodging
 - Level 3.5 Stealth
 + Level 0.9 Shields
 - Level 4.0 Spellcasting
 * Level 5.4 Conjurations
 + Level 0.4 Translocations


You had 7 spell levels left.
You knew the following spells:

 Your Spells              Type           Power        Failure   Level  Hunger
a - Magic Dart            Conj           ####         1%          1    None
b - Dazzling Spray        Conj/Hex       ###...       17%         3    ###....
c - Apportation           Tloc           #.....       14%         1    None

Your spell library contained the following spells:

 Spells                   Type           Power        Failure   Level  Hunger
 Searing Ray              Conj           ####..       2%          2    #......
 Iskenderun's Mystic Bla  Conj           ####....     19%         4    ####...
 Force Lance              Conj/Tloc      ###.....     45%         4    ####...
 Fulminant Prism          Conj/Hex       ###.......   50%         4    ####...


Dungeon Overview and Level Annotations

Branches:
Dungeon (3/15)

Altars:
Nemelex Xobeh
Qazlal

Annotations:
D:2 exclusion: downstairs
D:3 Sigmund


Message History

Confirm with . or Enter, or press ? or * to list all spells.
Aiming: Magic Dart (safe; 1% risk of failure)
Press: ? - help, Shift-Dir - straight line, f/p - Sigmund
Aim: Sigmund, wielding a scythe and wearing an embroidered robe (severely The magic dart hits Sigmund.
Sigmund is almost dead.
Sigmund gestures at you while chanting. The magic dart hits you!
* * * LOW HITPOINT WARNING * * *
The orc wizard casts a spell at you. The magic dart hits you!
* * * LOW HITPOINT WARNING * * *
Okay, then.
The orc wizard hits you with a dagger.
* * * LOW HITPOINT WARNING * * *
Sigmund gestures wildly while chanting.
Sigmund flickers and vanishes!
Deactivating autopickup; reactivate with Ctrl-A.
The orc wizard hits you with a dagger.
You die...

# #. .###### # #.....#
..##.....####.......##.
#....................!
##..>....##..........
.......@†=?.........
......o....(.....).
.......{........#.#
.........##.......#
...............†%.##
.............###...#
...........#.####..#
...#.#...........@.##
#...###...###.


You could see an orc wizard.

Vanquished Creatures
  Jessica (D:2)
  8 adders
  A worm (D:2)
  2 dart slugs
  A leopard gecko (D:2)
  4 orcs (D:2)
  3 bats
  3 giant cockroaches
  6 goblins
  4 hobgoblins
  3 jackals (D:2)
  4 kobolds
  5 quokkas
  2 ball pythons (D:2)
  3 frilled lizards
  7 rats
57 creatures vanquished.

Notes
Turn   | Place    | Note
-------+----------+-------------------------------------------
     0 | D:1      | RoseArtemis the Deep Elf Conjurer began the quest for the
                  | Orb.
     0 | D:1      | Reached XP level 1. HP: 10/10 MP: 6/6
   263 | D:1      | Reached XP level 2. HP: 15/15 MP: 5/8
  1044 | D:2      | Reached XP level 3. HP: 19/19 MP: 7/10
  1557 | D:2      | Reached XP level 4. HP: 24/24 MP: 8/11
  1804 | D:2      | Learned a level 3 spell: Dazzling Spray
  1814 | D:2      | Reached skill level 5 in Conjurations
  2023 | D:2      | Noticed Jessica
  2034 | D:2      | Killed Jessica
  2104 | D:2      | Identified Jessica's Compendium of the Traveller
  2466 | D:3      | Found a sparkling altar of Nemelex Xobeh.
  2466 | D:3      | Found a stormy altar of Qazlal.
  2523 | D:3      | Learned a level 1 spell: Apportation
  2530 | D:3      | Reached XP level 5. HP: 28/28 MP: 8/13
  2532 | D:3      | Noticed Sigmund
  2978 | D:3      | HP: 1/28 [orc wizard/dagger (2)]
  2978 | D:3      | Slain by an orc wizard

Vault maps used:
D:1:      minmay_arrival_jagged
D:2:      first_ration, kennysheep_jessica_study
D:3:      gammafunk_temple_overflow_forgotten, uniq_crazy_yiuf_cottage,
          uniq_robin, uniq_sigmund

Skill      XL: |  1  2  3  4 |
---------------+-------------+-----
Stealth        | 3 |  3.5
Dodging        | 3 |  3.8
Spellcasting   | 4 |  4.0
Conjurations   | 5 |  5.4
Shields        | |  0.9
Translocations | |  0.4

Action                   |  1- 3 |  4- 6 || total
-------------------------+-------+-------++-------
Melee: Dagger            |       |    35 ||    35
 Cast: Magic Dart        |    64 |    82 ||   146
  Use: Scroll            |       |     4 ||     4
  Eat: Chunk             |     2 |     4 ||     6
Armor: Robe              |       |    15 ||    15
Dodge: Dodged            |     8 |    55 ||    63
Block: Buckler           |       |     9 ||     9

Table legend:
 A = Non-vault XP
 B = Vault XP
 C = Vault XP percentage of total XP
 D = Non-vault monster count
 E = Vault monster count
 F = Vault count percentage of total count
                 A         B        C        D         E       F
            +---------+---------+-------+---------+---------+-------
      Total |     199 |      39 |  16.4 |      55 |       2 |   3.5
            +---------+---------+-------+---------+---------+-------
        D:1 |      25 |       0 |   0.0 |      13 |       0 |   0.0
        D:2 |     142 |      39 |  21.5 |      37 |       2 |   5.1
        D:3 |      32 |       0 |   0.0 |       5 |       0 |   0.0
            +---------+---------+-------+---------+---------+-------
